 Dungeon Crawl Stone Soup version 0.28.0-47-ge53b351184 (webtiles) character file.

Game seed: 12368834158780032204

36 Keeper01 the Vexing (level 3, 0/17 HPs)
             Began as a Spriggan Arcane Marksman on May 10, 2022.
             Was an Initiate of Nemelex Xobeh.
             Slain by a frilled lizard (1 damage)
             ... on level 3 of the Dungeon.
             The game lasted 00:08:24 (1058 turns).

Keeper01 the Vexing (Spriggan Arcane Marksman)      Turns: 1058, Time: 00:08:24

Health: 0/17       AC:  2    Str:  8    XL:     3   Next: 19%
Magic:  6/6        EV: 17    Int: 14    God:    Nemelex Xobeh [......]
Gold:   57         SH:  0    Dex: 15    Spells: 3/4 levels left

rFire   . . .      SeeInvis +   a - +0 hunting sling
rCold   . . .      Faith    .   (no shield)
rNeg    . . .      Spirit   .   d - +0 robe
rPois   .          Reflect  .   (helmet restricted)
rElec   .          Harm     .   (no cloak)
rCorr   .          Rampage  .   (gloves unavailable)
Will    .....                   (boots unavailable)
Stlth   ++........              (no amulet)
HPRegen 0.05/turn               e - ring of see invisible
MPRegen 0.10/turn               (no ring)

@: lethally poisoned (0 -> -1), very quick
A: very small, no large weapons, unfitting armour, see invisible, speed 3
a: Renounce Religion, Draw Escape, Draw Destruction, Draw Summoning


You were on level 3 of the Dungeon.
You worshipped Nemelex Xobeh.
Nemelex Xobeh was noncommittal.
You visited 1 branch of the dungeon, and saw 3 of its levels.

You collected 57 gold pieces.

Inventory:

Hand Weapons
 a - a +0 hunting sling (weapon)
Missiles
 b - 15 stones
 c - 29 sling bullets (quivered ammo)
Armour
 d - a +0 robe (worn)
Jewellery
 e - a ring of see invisible (left hand)
 h - a ring of flight
Scrolls
 f - a scroll of identify {unknown}
 g - a scroll of fear {unknown}


   Skills:
 + Level 0.9 Fighting
 + Level 3.3 Slings
 + Level 3.2 Dodging
 + Level 0.4 Stealth
 + Level 1.3 Spellcasting
 + Level 4.3 Hexes


You had 3 spell levels left.
You knew the following spells:

 Your Spells              Type           Power      Damage    Failure   Level
a - Slow                  Hex            52%        N/A       4%          1

Your spell library contained the following spells:

 Spells                   Type           Power      Damage    Failure   Level
 Inner Flame              Hex/Fire       6%         N/A       32%         3
 Portal Projectile        Hex/Tloc       12%        N/A       32%         3
 Cause Fear               Hex            6%         N/A       41%         4


Dungeon Overview and Level Annotations

Branches:
Dungeon (3/15)

Altars:
Nemelex Xobeh


Innate Abilities, Weirdness & Mutations

You are very small and have problems with some larger weapons.
You are too small for most types of armour.
You have supernaturally acute eyesight. (SInv)
You cover ground extremely quickly. (Speed+++)


Message History

You feel sick. The adder bites you.
A frilled lizard comes into view.
You feel sick.
You are no longer poisoned.
The frilled lizard hisses angrily.
Fire: 33 sling bullets
Press: ? - help, Q - select action, (/) - cycle Shift-Dir - straight line, f/p - adder
Aim: an adder (40% to hit)
You shoot a sling bullet.
The sling bullet barely misses the adder.
The adder bites you.
You are poisoned.
The adder poisons you! The frilled lizard bites you.
* * * LOW HITPOINT WARNING * * *
Fire: 32 sling bullets
Press: ? - help, Q - select action, (/) - cycle Shift-Dir - straight line, f/p - adder
Aim: an adder (40% to hit)
You shoot a sling bullet. The sling bullet hits the adder!
The adder is severely wounded.
* * * LOW HITPOINT WARNING * * *
You feel sick. The adder barely misses you.
The frilled lizard closely misses you. The adder closely misses you.
Unknown command.
Fire: 31 sling bullets
Press: ? - help, Q - select action, (/) - cycle Shift-Dir - straight line, f/p - adder
Aim: an adder (severely wounded, 40% to hit)
You shoot a sling bullet.
The sling bullet closely misses the adder.
* * * LOW HITPOINT WARNING * * *
You feel sick. The frilled lizard misses you. The adder completely misses you.
Fire: 30 sling bullets
Press: ? - help, Q - select action, (/) - cycle Shift-Dir - straight line, f/p - adder
Aim: an adder (severely wounded, 40% to hit)
You shoot a sling bullet.
The sling bullet hits the adder but does no damage.
The adder is severely wounded.
* * * LOW HITPOINT WARNING * * *
You feel sick. The adder misses you. The frilled lizard bites you.
You die...
Your body disappears without a glow.

###.........>#
.....(......#
#####.........#
...............
######..(.....#
##(###.### ##
#.# # #...##S#
#..l@# ######


You could see an adder and a frilled lizard.

Vanquished Creatures
  An adder (D:3)
  3 dart slugs (D:2)
  3 ball pythons (D:2)
  A hobgoblin (D:3)
  3 jackals (D:1)
  A bat (D:2)
  3 frilled lizards
  4 goblins
  A kobold (D:2)
  3 rats
23 creatures vanquished.

Notes
Turn   | Place    | Note
-------+----------+-------------------------------------------
     0 | D:1      | Keeper01 the Spriggan Arcane Marksman began the quest for
                  | the Orb.
     0 | D:1      | Reached XP level 1. HP: 9/9 MP: 3/3
    85 | D:1      | Reached skill level 4 in Hexes
   101 | D:1      | Found a faded altar of an unknown god.
   234 | D:2      | Reached XP level 2. HP: 8/14 MP: 5/5
   969 | D:3      | Found a sparkling altar of Nemelex Xobeh.
   977 | D:3      | Reached XP level 3. HP: 17/17 MP: 6/6
   983 | D:3      | Became a worshipper of Nemelex Xobeh the Trickster
  1058 | D:3      | Slain by a frilled lizard

Illustrated notes

Levels and vault maps discovered:
D:1:      roderic_crossed_star, layout_loops_ring,
          shapermc_ecumenical_altar_pompeii, minivault_25
D:2:      layout_loops_corners, uniq_jessica
D:3:      layout_loops_ring, marbit_many_paths, serial_co_window_serial,
          co_window_of_opportunity_a, co_window_paths_b, co_window_cross_1,
          co_window_corner_a, co_window_of_opportunity_a, co_window_paths_a,
          co_window_paths_a, co_window_broadway_a, co_window_broadway_c,
          co_window_paths_c, co_window_corner_ca, co_window_4corner_b,
          glass_columns_c, glass_columns_a, glass_columns_c, uniq_sigmund

Skill      XL: |  1  2 |
---------------+-------+-----
Hexes          | 4 |  4.3
Dodging        | 3 |  3.2
Slings         | 3 |  3.3
Fighting       | |  0.9
Stealth        | |  0.4
Spellcasting   | |  1.3

Action                   || total
-------------------------++-------
 Fire: Hunting sling     ||    69
Armor: Robe              ||     1
Dodge: Dodged            ||    35
